 Dungeon Crawl Stone Soup version 0.31.0-12-g77e489cdc1 (webtiles) character file.

Game seed: 16272922931758630189

20 Marvel the Chopper (level 2, -11/40 HPs)
             Began as a Hill Orc Berserker on Feb 28, 2024.
             Was a Follower of Trog.
             Mangled by a gnoll
             ... wielding a +0 halberd
              (16 damage)
             ... on level 1 of the Dungeon.
             The game lasted 00:01:02 (946 turns).

Marvel the Chopper (Hill Orc Berserker)              Turns: 946, Time: 00:01:02

Health: -11/40     AC:  2    Str: 19    XL:     2   Next: 79%
Magic:  2/2        EV: 12    Int:  7    God:    Trog [*.....]
Gold:   72         SH:  0    Dex: 10    Spells: 1/1 levels left

rFire   . . .        a - +0 hand axe
rCold   . . .        (no shield)
rNeg    . . .        b - +0 animal skin
rPois   .            (no helmet)
rElec   .            (no cloak)
rCorr   .            (no gloves)
SInv    +            (no boots)
Will    .....        k - amulet of faith Stlth
                     j - ring of see invisible
HPRegen 0.26/turn    (no ring)
MPRegen 0.08/turn

%: faith
@: berserking, very quick
A: no striking features
a: Renounce Religion, Berserk


You were on level 1 of the Dungeon.
You worshipped Trog.
Trog was aware of your devotion.
You visited 1 branch of the dungeon, and saw 2 of its levels.

You collected 72 gold pieces.

Inventory:

Hand Weapons
 a - a +0 hand axe (weapon)
Missiles
 e - a throwing net (quivered)
Armour
 b - a +0 animal skin (worn)
Jewellery
 j - a ring of see invisible (left hand)
 k - an amulet of faith (around neck)
Scrolls
 c - a scroll of revelation {unknown}
 d - a scroll of enchant weapon {unknown}
 f - 2 scrolls of fear {unknown}
 h - a scroll of immolation {unknown}
 i - 2 scrolls of identify {unknown}
Potions
 g - a potion of degeneration {unknown}


   Skills:
 + Level 3.8 Fighting
 + Level 4.8 Axes
 + Level 2.2 Armour
 + Level 1.7 Dodging
 + Level 0.4 Stealth


You had one spell level left.
You didn't know any spells.
Your spell library was empty.

Dungeon Overview and Level Annotations

Branches:
Dungeon (2/15)

Altars:


Message History

You are too injured to fight recklessly!
You are too injured to fight recklessly!
You are too injured to fight recklessly!
You are too injured to fight recklessly!
You are too injured to fight recklessly!
You are too injured to fight recklessly!
You are too injured to fight recklessly!
You hit the hobgoblin.
The hobgoblin is almost dead.
The hobgoblin closely misses you.
You closely miss the hobgoblin.
The hobgoblin is almost dead.
The hobgoblin hits you.
You hit the hobgoblin.
You kill the hobgoblin!
Trog accepts your kill.
f - 2 scrolls labelled PIOSOXUIHO (gained 1) 2 gnolls come into view.
You see here a +0 robe.
Things that are here:
a hobgoblin corpse; a rat corpse
There is an escape hatch in the ceiling here.
The gnoll hits you with a +0 halberd.
There is an escape hatch in the ceiling here.
The gnoll misses you. A mysterious force pulls you upwards.
The hatch slams shut behind you.
You hit the gnoll.
The gnoll is moderately wounded.
The gnoll hits you with a +0 halberd.
You slash the gnoll!
The gnoll is almost dead.
The gnoll barely misses you.
You barely miss the gnoll.
The gnoll is almost dead.
The gnoll hits you with a +0 halberd. The gnoll hits you with a +0 halberd!
* * * LOW HITPOINT WARNING * * *
A red film seems to cover your vision as you go berserk!
You feel yourself moving faster!
You feel mighty! The gnoll hits you with a +0 halberd!
You die...

~..P#.......#.........#
.~#.#...........>.....#
###<#...........#...###
#####.####......#.).#
#.....# #..#...##.##
......# #..##.###.#
#.....# #..##.# #.#
#.....# #.....###.#
##...#####..#..g@..#
............#.####.#
##...####.....## #.#
##.## #.#....###.#
#.#####....#.....#
#.......#...รท#####
#######....)## ###.#)#
####.#.########


You could see a gnoll.

Vanquished Creatures
  A ball python (D:1)
  4 giant cockroaches
  A goblin (D:1)
  5 hobgoblins
  2 frilled lizards
  2 kobolds
  3 rats
18 creatures vanquished.

Notes
Turn   | Place    | Note
-------+----------+-------------------------------------------
     0 | D:1      | Marvel the Hill Orc Berserker began the quest for the Orb.
     0 | D:1      | Reached XP level 1. HP: 19/19 MP: 1/1
   284 | D:1      | Reached XP level 2. HP: 22/26 MP: 2/2
   946 | D:1      | Mangled by a gnoll

Illustrated notes

Levels and vault maps discovered:
D:1:      lightli_arrival_windingriver, layout_loops_ring
D:2:      layout_loops_ring, st_stairs_11, minmay_strange_pillars

Action                     || total
---------------------------++-------
  Melee: Hand axe          ||    80
 Invoke: Berserk           ||     1
   Stab: Sleeping          ||     3
 Armour: Animal skin       ||    48
  Dodge: Dodged            ||    45
